Map: Rhoskallian LE

Players

qqq

  • Race: Protoss Protoss
  • League: Platinum
  • Spawn Location: 6:00

Massa

  • Race: Terran Terran
  • League: Platinum
  • Spawn Location: 5:00

PPO - Winner!

  • Race: Terran Terran
  • League: Diamond
  • Spawn Location: 12:00

cabakaaaa - Winner!

  • Race: Zerg Zerg
  • Spawn Location: 11:00

VOD

Have the link to the VOD?

Description

Time

  • Played on: Dec. 6, 2020, 5:57 a.m.
  • Length: 15:26
Show
View Real Time Build Order
Export as new Build Order

qqq Protoss 

Build Orders: Carriers 

Get SALT Encoding   

  12  0:00  Probe  
  13  0:12  Probe  
  14  0:20  Pylon  
  14  0:31  Probe  
  15  0:44  Probe  
  15  0:47  Gateway  
  16  0:56  Probe  
  17  0:58  Pylon  
  17  1:12  Probe  
  18  1:24  Probe  
  19  1:36  Probe  
  20  1:46  Cybernetics Core  
  20  1:49  Probe, Nexus  
  21  1:55  Assimilator  
  21  2:01  Probe, Assimilator  
  22  2:14  Probe  
  22  2:23  Pylon  
  22  2:24  Pylon  
  22  2:26  Probe  
  23  2:30  Stalker (Chrono Boost)  
  25  2:38  Probe  
  26  2:50  Probe  
  27  3:02  Pylon  
  28  3:06  Probe x2 (Chrono Boost)  
  29  3:16  Probe (Chrono Boost)  
  29  3:18  Probe (Chrono Boost)  
  31  3:21  Probe (Chrono Boost)  
  31  3:22  Stargate  
  32  3:27  Stargate  
  32  3:33  Probe  
  33  3:41  Probe  
  34  3:45  Probe, Assimilator  
  35  3:50  Assimilator  
  35  3:53  Probe  
  36  3:57  Probe  
  37  4:05  Probe  
  37  4:09  Probe  
  39  4:11  Phoenix  
  41  4:17  Probe  
  41  4:21  Phoenix  
  44  4:29  Probe  
  45  4:31  Probe  
  48  4:39  Phoenix (Chrono Boost)  
  48  4:41  Probe  
  49  4:49  Forge  
  49  4:51  Phoenix (Chrono Boost)  
  49  4:52  Protoss Air Weapons Level 1  
  51  4:53  Probe  
  52  5:05  Probe  
  53  5:08  Pylon  
  53  5:10  Pylon  
  53  5:13  Phoenix, Pylon  
  57  5:17  Probe  
  57  5:20  Fleet Beacon  
  56  5:22  Pylon  
  56  5:30  Probe  
  57  5:37  Phoenix  
  59  5:46  Photon Cannon  
  59  5:47  Nexus  
  59  5:48  Pylon  
  59  5:50  Photon Cannon  
  59  6:23  Carrier (Chrono Boost)  
  46  7:06  Probe (Chrono Boost)  
  47  7:18  Probe (Chrono Boost)  
  47  7:22  Probe (Chrono Boost), Photon Cannon  
  47  7:23  Carrier  
  47  7:24  Photon Cannon  
  47  7:27  Stargate  
  47  7:28  Photon Cannon  
  54  7:31  Pylon  
  54  7:33  Probe  
  55  7:44  Probe, Protoss Air Armor Level 1  
  56  7:45  Probe  
  56  7:48  Nexus  
  56  7:50  Pylon  
  57  7:54  Pylon  
  57  7:56  Photon Cannon  
  57  7:57  Probe (Chrono Boost)  
  58  8:09  Probe (Chrono Boost)  
  59  8:17  Probe (Chrono Boost)  
  60  8:26  Carrier  
  66  8:27  Carrier  
  66  8:30  Probe  
  73  8:42  Probe, Photon Cannon  
  74  8:55  Probe  
  75  9:00  Photon Cannon  
  75  9:01  Probe  
  76  9:07  Probe (Chrono Boost)  
  77  9:13  Probe (Chrono Boost)  
  77  9:15  Photon Cannon  
  81  9:25  Probe x2 (Chrono Boost)  
  81  9:26  Probe (Chrono Boost)  
  81  9:30  Probe (Chrono Boost), Carrier  
  87  9:32  Probe (Chrono Boost)  
  87  9:35  Carrier  
  95  9:40  Probe  
  95  9:44  Probe  
  97  9:52  Probe  
  98  10:00  Protoss Air Armor Level 2 (Chrono Boost)  
  98  10:04  Probe  
  99  10:08  Gateway  
  99  10:11  Twilight Council  
  99  10:15  Robotics Facility  
  99  10:16  Probe  
  99  10:20  Pylon  
  100  10:25  Anion Pulse-Crystals  
  100  10:28  Probe  
  100  10:34  Tempest  
  106  10:39  Tempest, Assimilator  
  106  10:40  Probe  
  112  10:43  Assimilator  
  112  10:52  Probe  
  112  10:53  Charge (Chrono Boost)  
  112  10:55  Pylon  
  113  10:59  Pylon  
  113  11:13  Nexus  
  113  11:17  Tempest  
  118  11:18  Photon Cannon  
  118  11:22  Photon Cannon  
  118  11:25  Shield Battery  
  118  11:31  Tempest  
  118  11:32  Pylon  
  123  11:34  Pylon  
  123  11:37  Pylon  
  123  11:44  Pylon  
  123  11:48  Stargate  
  123  11:54  Void Ray  
  118  12:17  Void Ray  
  122  12:37  Tempest  
  125  13:01  Carrier  
  115  13:14  Void Ray  
  115  13:18  Zealot  
  111  13:21  Zealot  
  97  13:45  Zealot  
  97  13:48  Probe (Chrono Boost), Zealot  
  102  13:56  Shield Battery  
  102  13:57  Tempest  
  102  13:58  Probe (Chrono Boost), Photon Cannon  
  108  14:03  Probe (Chrono Boost)  
  108  14:04  Tempest  
  112  14:12  Zealot  
  112  14:14  Probe  
  112  14:15  Zealot  
  88  14:35  Stargate  
  85  14:40  Stargate, Zealot  
  85  14:42  Zealot  
Show
View Real Time Build Order
Export as new Build Order

Massa Terran 

Build Orders: 2 Factory, Gas First Reaper Expand 

Get SALT Encoding   

  12  0:00  SCV  
  13  0:12  SCV  
  14  0:22  Supply Depot  
  14  0:24  SCV  
  15  0:33  Refinery  
  15  0:44  SCV  
  15  0:46  Barracks  
  16  0:56  SCV  
  17  1:00  Supply Depot  
  17  1:08  SCV  
  18  1:20  SCV  
  19  1:36  Orbital Command  
  19  1:46  Reaper  
  20  1:57  Command Center  
  20  2:02  SCV  
  21  2:16  SCV  
  21  2:18  Marine  
  23  2:33  Factory  
  23  2:35  Factory  
  23  2:39  Barracks Tech Lab  
  22  3:04  SCV  
  23  3:16  SCV  
  23  3:19  Barracks Tech Lab  
  24  3:22  Factory Tech Lab  
  24  3:23  Factory Reactor  
  24  3:40  Marauder  
  25  3:43  Orbital Command  
  25  3:48  Barracks  
  25  4:01  Refinery, Marine  
  25  4:02  Engineering Bay  
  26  4:08  Command Center  
  26  4:10  SCV x2  
  28  4:22  SCV, Hellion x2  
  33  4:25  Stimpack  
  33  4:28  Hellion  
  35  4:34  SCV x2  
  37  4:39  Refinery  
  37  4:44  Missile Turret  
  37  4:46  SCV  
  37  4:47  SCV  
  37  4:48  Starport  
  37  4:49  Hellion  
  41  4:54  Refinery, Marauder  
  41  4:58  SCV  
  41  4:59  SCV  
  45  5:15  Supply Depot  
  45  5:16  Supply Depot  
  45  5:19  SCV x2, Hellion  
  45  5:20  SCV, Supply Depot  
  45  5:21  Supply Depot  
  50  5:25  Combat Shield  
  50  5:32  Siege Tank  
  55  5:36  Widow Mine  
  55  5:41  Widow Mine  
  57  5:49  Marauder x2  
  61  5:51  SCV  
  61  5:52  SCV x2  
  64  6:04  SCV x2  
  56  6:53  Marauder x2  
  60  7:04  Widow Mine x2  
  60  7:05  Hellion  
  66  7:09  Infernal Pre-Igniter  
  66  7:11  Concussive Shells  
  66  7:14  Marauder  
  66  7:15  Marauder  
  70  7:17  SCV x3  
  70  7:21  Starport Reactor  
  73  7:26  Widow Mine, Hellion  
  73  7:27  Siege Tank  
  73  7:29  SCV x2  
  83  7:30  SCV  
  83  7:36  Marauder x2  
  87  7:41  SCV  
  88  7:45  Barracks, Terran Infantry Weapons Level 1  
  88  7:46  Barracks  
  88  7:47  Hellion x2  
  88  7:49  Barracks, Armory  
  88  7:51  Barracks, Engineering Bay  
  92  7:56  SCV  
  93  8:05  Supply Depot  
  93  8:07  Supply Depot x2  
  93  8:08  Supply Depot  
  93  8:11  Supply Depot x2  
  93  8:18  SCV x2  
  89  8:29  Supply Depot  
  89  8:30  SCV x2  
  89  8:32  Planetary Fortress, Supply Depot  
  91  8:36  Missile Turret  
  91  8:42  SCV x2  
  93  8:52  Command Center  
  93  8:54  SCV x2  
  93  8:55  Barracks Reactor x2, Barracks Tech Lab x2  
  95  8:56  Medivac x2, Missile Turret  
  95  8:59  Refinery  
  95  9:01  Hellion  
  101  9:03  Hellion  
  101  9:04  Refinery  
  101  9:06  SCV  
  104  9:12  Siege Tank  
  104  9:15  SCV  
  108  9:18  Missile Turret  
  108  9:22  Terran Infantry Armor Level 1  
  108  9:23  Hellion  
  110  9:24  Hellion  
  110  9:26  Marauder x3  
  118  9:44  Hellion, Siege Tank  
  123  9:53  SCV  
  123  9:54  SCV x2  
  126  10:00  Marauder x4  
  126  10:06  SCV x3  
  137  10:16  Marine x4  
  141  10:21  Marauder  
  141  10:22  Marauder x3  
  141  10:27  Medivac x2  
  153  10:29  Siege Tank  
  153  10:34  Marine x3  
  157  10:43  Marauder x4  
  163  11:02  Siege Tank  
  158  11:17  Marauder x2  
  158  11:18  Marauder x2, Marine x4  
  165  11:23  Hellion x2  
  170  11:39  Marauder  
  172  11:54  Marauder  
  172  11:59  Marauder  
  172  12:00  Marauder  
  172  12:01  Hellion  
  172  12:02  Hellion  
  172  12:03  Thor  
  158  12:09  Marine x5  
  160  12:15  Marine  
  160  12:20  Marine  
  160  12:21  Marine  
  165  12:23  Widow Mine  
  165  12:24  Widow Mine  
  165  12:26  Marine  
  165  12:27  Marine  
  144  12:33  Marauder  
  144  12:34  Marauder, Marine x2  
  132  12:37  Medivac x2  
  132  12:38  Marauder  
  132  12:39  Marauder  
  142  12:44  Widow Mine, Marine  
  142  12:45  Marine, Thor  
  150  12:52  Marine x2  
  150  12:55  Marauder x2, Planetary Fortress  
  150  12:58  SCV x3  
  158  12:59  Marauder  
  158  13:01  Marauder  
  158  13:02  Marine  
  158  13:03  Marine  
  165  13:07  Medivac x2  
  165  13:10  SCV x2, Marine  
  172  13:24  SCV x2, Marine  
  172  13:25  SCV, Marauder x2  
  172  13:26  Marauder x2  
  172  13:37  SCV x2  
  154  13:41  Thor, Hellbat  
  154  13:47  Marauder x3  
  154  13:48  Marauder  
  138  13:52  Marine x4  
  133  13:59  SCV  
  130  14:08  Marauder x2  
  130  14:09  Marauder x2, Marine  
  132  14:10  Marine x3  
  132  14:11  SCV  
  132  14:15  Ghost Academy  
  134  14:23  SCV  
  131  14:24  Thor  
  131  14:27  Marine  
  131  14:28  Marine x2  
  131  14:29  Marauder, Marine  
  131  14:30  Marauder x3  
  140  14:35  SCV  
  131  14:45  Marine  
  118  14:46  Marine x2  
  118  14:47  Marine  
  118  14:51  Marauder x2  
  118  14:52  Marauder  
  119  15:01  Widow Mine x2  
  119  15:03  Marine x3  
  119  15:04  Marine  
  125  15:08  Barracks Tech Lab  
Show
View Real Time Build Order
Export as new Build Order

PPO Terran - Winner!

Build Orders: Reaper Expand 

Get SALT Encoding   

  12  0:00  SCV  
  13  0:12  SCV  
  14  0:19  Supply Depot  
  14  0:25  SCV  
  15  0:40  SCV  
  15  0:42  Barracks  
  16  0:48  Refinery  
  16  0:54  SCV  
  17  1:06  SCV  
  18  1:18  SCV  
  19  1:32  Reaper  
  20  1:36  Orbital Command  
  20  1:49  Command Center  
  20  2:05  Barracks Reactor, Supply Depot  
  20  2:19  Barracks  
  20  2:21  SCV  
  21  2:26  Refinery  
  21  2:33  SCV  
  22  2:42  Marine x2  
  24  2:46  SCV  
  25  2:58  SCV  
  26  2:59  Marine  
  26  3:00  Marine  
  26  3:02  Orbital Command  
  28  3:09  Barracks Tech Lab  
  28  3:12  Supply Depot  
  28  3:17  Marine  
  29  3:45  SCV, Marine x2, Stimpack  
  29  3:46  Factory, Marine  
  29  3:47  Supply Depot  
  33  3:49  SCV, Engineering Bay  
  34  3:57  SCV  
  34  4:01  SCV  
  36  4:03  Marine  
  37  4:15  Marine x2  
  39  4:22  SCV  
  39  4:23  SCV, Marine, Engineering Bay  
  41  4:27  Missile Turret  
  41  4:33  Marine x2  
  41  4:34  Starport, SCV, Factory Reactor  
  41  4:35  SCV  
  45  4:41  Marine, Missile Turret  
  46  4:48  SCV x2  
  46  4:51  Marine  
  49  4:56  Missile Turret  
  49  4:57  Missile Turret  
  49  4:59  Marine x2  
  51  5:01  SCV x2  
  53  5:18  Medivac x2  
  53  5:20  Armory  
  57  5:22  SCV x2  
  57  5:25  Factory Tech Lab  
  57  5:26  Marine x3  
  57  5:27  Refinery  
  57  5:28  Refinery  
  62  5:42  Factory  
  62  5:44  Supply Depot  
  62  5:52  Supply Depot  
  62  6:05  Missile Turret  
  62  6:06  SCV x2  
  62  6:09  Thor  
  70  6:18  SCV x2  
  48  6:57  Marine x3  
  48  6:58  SCV  
  48  6:59  SCV  
  43  7:10  Factory Tech Lab  
  43  7:11  SCV x2  
  45  7:16  Terran Vehicle Weapons Level 1  
  45  7:23  SCV x2  
  45  7:24  Factory  
  47  7:33  Command Center  
  47  7:34  Thor  
  47  7:35  SCV x2, Thor  
  61  7:47  SCV x2  
  61  7:48  Armory  
  63  7:53  Missile Turret  
  63  7:59  SCV x2  
  63  8:03  Viking x2  
  69  8:09  Factory Tech Lab  
  69  8:11  SCV x2  
  69  8:12  Factory  
  71  8:20  Siege Tank  
  71  8:23  SCV x2  
  76  8:32  Supply Depot  
  76  8:34  Supply Depot  
  76  8:44  SCV  
  76  8:45  SCV, Siege Tank x2  
  76  8:46  Orbital Command  
  84  9:04  Siege Tank  
  84  9:05  Factory  
  84  9:09  Terran Vehicle And Ship Armor Level 1  
  87  9:15  Thor x3  
  87  9:25  Refinery  
  87  9:27  Siege Tank  
  87  9:29  Hellion x2  
  94  9:33  Refinery, Orbital Command  
  94  9:34  Infernal Pre-Igniter  
  94  9:39  SCV  
  94  9:40  SCV, Missile Turret  
  94  9:43  Missile Turret x2  
  96  9:48  Thor  
  96  9:52  SCV  
  103  10:08  Missile Turret  
  103  10:09  Missile Turret  
  103  10:10  SCV  
  103  10:11  SCV x2  
  106  10:19  Siege Tank  
  109  10:24  Supply Depot  
  109  10:27  Supply Depot x2  
  109  10:28  Terran Vehicle Weapons Level 2  
  109  10:29  Missile Turret  
  109  10:30  Factory Tech Lab  
  109  10:32  SCV  
  109  10:46  SCV, Hellion x2, Siege Tank  
  117  10:53  Siege Tank x2  
  123  11:01  Command Center  
  123  11:03  Smart Servos  
  121  11:14  Thor  
  121  11:16  Hellion  
  129  11:18  Supply Depot  
  129  11:19  Supply Depot  
  129  11:24  Supply Depot  
  129  11:40  Thor x2  
  129  11:41  Supply Depot  
  129  11:43  Supply Depot x2  
  141  11:47  Supply Depot  
  131  12:09  Thor x2  
  131  12:10  Hellion  
  145  12:23  Hellion x2  
  139  12:39  Viking x2, Thor  
  139  12:44  Thor  
  146  12:48  Thor  
  144  13:13  Viking  
  144  13:14  Viking  
  146  13:29  Hellion x2, Siege Tank  
  146  13:30  Hellion  
  146  13:31  Siege Tank  
  132  14:23  Command Center  
  114  14:25  Hellion x2, Thor x3  
  125  14:46  Siege Tank  
Show
View Real Time Build Order
Export as new Build Order

cabakaaaa Zerg - Winner!

Build Orders: Hatch First, Brood Lord Corruptor 

Get SALT Encoding   

  12  0:03  Drone  
  13  0:12  Overlord  
  13  0:18  Drone  
  14  0:31  Drone x2  
  16  0:53  Hatchery  
  15  1:08  Spawning Pool  
  14  1:11  Extractor  
  14  1:12  Drone  
  14  1:16  Drone  
  15  1:21  Drone  
  15  1:24  Drone  
  17  1:34  Drone  
  18  1:44  Drone  
  19  1:56  Drone  
  19  1:57  Queen  
  22  2:05  Queen  
  22  2:08  Zergling x4  
  26  2:17  Metabolic Boost  
  26  2:23  Overlord  
  26  2:28  Zergling x4  
  28  2:48  Drone x2  
  28  2:50  Drone x3  
  33  2:59  Drone  
  33  3:00  Drone  
  35  3:07  Drone  
  35  3:08  Overlord x2  
  36  3:22  Overlord  
  36  3:26  Drone  
  36  3:27  Drone x4  
  43  3:41  Drone x6  
  43  3:45  Lair  
  47  3:49  Extractor  
  47  3:54  Spore Crawler  
  45  3:56  Spore Crawler  
  44  4:13  Hatchery  
  43  4:18  Extractor  
  43  4:19  Drone x7  
  43  4:20  Extractor  
  48  4:40  Drone x3  
  51  4:46  Overlord x3  
  51  4:47  Spire  
  50  5:02  Queen  
  50  5:04  Queen  
  54  5:08  Drone  
  54  5:09  Drone x2  
  54  5:11  Drone  
  58  5:14  Drone x2  
  58  5:17  Drone  
  61  5:25  Infestation Pit  
  60  5:30  Drone x5  
  60  5:31  Drone  
  60  5:34  Extractor  
  60  5:35  Overlord  
  65  5:37  Queen  
  65  5:40  Spore Crawler  
  66  5:53  Spore Crawler  
  66  5:55  Spore Crawler  
  64  5:59  Spore Crawler  
  62  6:14  Spore Crawler  
  62  6:18  Zergling x14  
  57  6:19  Zergling x14  
  57  6:20  Zergling x2  
  65  6:31  Drone x3  
  68  6:47  Drone x3  
  70  6:54  Drone x3  
  70  6:58  Drone  
  70  6:59  Spine Crawler  
  71  7:08  Drone x2  
  73  7:13  Drone x3  
  76  7:20  Drone  
  76  7:31  Drone x3  
  76  7:36  Spine Crawler  
  78  7:37  Queen  
  78  7:39  Spine Crawler  
  79  7:47  Corruptor x3  
  85  7:53  Hive  
  85  7:54  Zerg Flyer Weapons Level 1  
  85  7:59  Spire  
  85  8:00  Extractor  
  85  8:03  Drone x6  
  85  8:04  Spine Crawler  
  88  8:14  Overlord  
  88  8:15  Overlord x3  
  88  8:17  Queen  
  76  8:29  Zergling x4  
  76  8:30  Zergling x10  
  82  8:40  Zergling x6  
  82  8:41  Zergling x8  
  89  8:45  Corruptor  
  91  8:53  Hatchery  
  90  9:05  Zergling x2  
  90  9:06  Zergling x8  
  95  9:15  Greater Spire, Corruptor x2  
  95  9:16  Corruptor x3  
  100  9:38  Drone  
  100  9:39  Evolution Chamber  
  100  9:42  Evolution Chamber  
  98  9:47  Corruptor x4  
  98  9:48  Corruptor x5  
  116  9:53  Zerg Flyer Weapons Level 2  
  116  10:03  Corruptor x2  
  116  10:05  Overlord x2  
  120  10:11  Zerg Melee Weapons Level 1  
  120  10:26  Baneling Nest  
  120  10:28  Drone x11  
  130  10:44  Brood Lord  
  130  10:45  Brood Lord x3  
  131  11:10  Drone x8  
  131  11:11  Drone x5  
  140  11:15  Brood Lord  
  140  11:16  Overlord  
  140  11:17  Overlord  
  136  11:28  Overseer  
  136  11:29  Spine Crawler  
  135  11:35  Overlord x3  
  135  11:36  Overlord x2  
  135  11:45  Spine Crawler  
  132  11:47  Spore Crawler  
  101  12:17  Brood Lord x6  
  101  12:18  Corruptor x7  
  118  12:44  Corruptor x6  
  118  12:45  Corruptor  
  118  12:50  Corruptor x2  
  116  13:22  Corruptor x2  
  116  13:23  Corruptor x7  
  128  13:49  Corruptor x4  
  130  14:29  Brood Lord x3  
  130  14:30  Corruptor x2  
Tags
 
Add a new tag
Caveats
  • Supply blocks, unpowered buildings, or Contaminate may cause inaccurate times.
  • Supply counts are checked every 10 seconds.